Map: Odyssey LE

Players

daboss

  • Race: Terran Terran
  • League: Diamond
  • Spawn Location: 5:00

llIllllIllll - Winner!

  • Race: Protoss Protoss
  • League: Master
  • Spawn Location: 11:00

VOD

Have the link to the VOD?

Description

Time

  • Played on: Jan. 7, 2018, 8:57 p.m.
  • Length: 4:22
Show
View Real Time Build Order
Export as new Build Order

daboss Terran 

Build Orders:  

Get SALT Encoding   

  12  0:00  SCV  
  13  0:13  SCV  
  14  0:19  Supply Depot  
  14  0:25  SCV  
  15  0:40  SCV  
  15  0:41  Barracks  
  16  0:46  Refinery  
  16  0:52  SCV  
  17  1:04  SCV  
  18  1:16  SCV  
  19  1:29  Marine  
  20  1:32  Orbital Command  
  20  1:48  Marine  
  21  1:59  SCV, Supply Depot  
  22  2:06  Marine, Refinery  
  23  2:17  Barracks  
  23  2:21  SCV  
  24  2:30  Barracks Reactor  
  24  2:33  SCV  
  25  2:38  Command Center  
  25  2:45  SCV  
  25  2:50  Factory  
  26  2:57  SCV  
  19  3:06  Marine  
  19  3:07  Marine  
Show
View Real Time Build Order
Export as new Build Order

llIllllIllll Protoss - Winner!

Build Orders: 1 Gate Expand 

Get SALT Encoding   

  12  0:02  Probe  
  13  0:18  Pylon  
  13  0:22  Probe (Chrono Boost)  
  14  0:34  Probe (Chrono Boost)  
  15  0:39  Probe (Chrono Boost)  
  15  0:41  Gateway  
  16  0:48  Probe  
  17  1:04  Pylon  
  17  1:06  Probe  
  18  1:26  Nexus  
  18  1:34  Nexus  
  18  1:36  Zealot (Chrono Boost)  
  20  1:43  Pylon  
  20  1:45  Pylon  
  19  1:54  Zealot (Chrono Boost)  
  21  2:18  Probe, Zealot (Chrono Boost)  
  24  2:30  Probe  
  25  2:38  Zealot  
  25  2:42  Probe  
Tags
 
Add a new tag
Caveats
  • Supply blocks, unpowered buildings, or Contaminate may cause inaccurate times.
  • Supply counts are checked every 10 seconds.